 Dungeon Crawl Stone Soup version 0.29.1-14-g9c671dbff4 (webtiles) character file.

Game seed: 3145512054542314005

83 Peloso the Covered (level 4, -1/40 HPs)
             Began as a Minotaur Fighter on Feb 20, 2023.
             Killed from afar by Natasha (8 damage)
             ... with a puff of flame
             ... on level 2 of the Dungeon.
             The game lasted 00:02:09 (1237 turns).

Peloso the Covered (Minotaur Fighter)               Turns: 1237, Time: 00:02:10

Health: -1/40      AC:  7    Str: 20    XL:     4   Next: 22%
Magic:  3/3        EV:  9    Int:  5    God:
Gold:   56         SH:  5    Dex: 12    Spells: 3/3 levels left

rFire   . . .      SeeInvis .   a - +0 long sword
rCold   . . .      Faith    .   c - +0 buckler
rNeg    . . .      Spirit   .   b - +0 scale mail
rPois   .          Reflect  .   (helmet restricted)
rElec   .          Harm     .   (no cloak)
rCorr   .          Rampage  .   (no gloves)
Will    .....                   (no boots)
Stlth   ..........              (no amulet)
HPRegen 0.13/turn               (no ring)
MPRegen 0.08/turn               (no ring)

@: slowed, very slow
A: horns 2, retaliatory headbutt
a: no special abilities


You were on level 2 of the Dungeon.
You visited 1 branch of the dungeon, and saw 2 of its levels.

You collected 56 gold pieces.

Inventory:

Hand Weapons
 a - a +0 long sword (weapon)
Armour
 b - a +0 scale mail (worn)
 c - a +0 buckler (worn)
Scrolls
 e - a scroll of amnesia {unknown}
Potions
 d - 2 potions of might


   Skills:
 + Level 4.2 Fighting
 + Level 3.5 Long Blades
 + Level 4.6 Armour
 + Level 4.1 Shields


You had 3 spell levels left.
You didn't know any spells.
Your spell library was empty.

Dungeon Overview and Level Annotations

Branches:
Dungeon (2/15)

Altars:

Annotations:
D:2 Natasha


Innate Abilities, Weirdness & Mutations

You have a pair of horns on your head.
You reflexively headbutt those who attack you in melee.


Message History

You closely miss the crimson imp. Your headbutt misses the crimson imp.
The crimson imp blinks!
Natasha howls an incantation.
You feel disoriented.
Found 17 gold pieces.
You block Natasha's attack.
Natasha zaps a wand.
The puff of flame hits you but does no damage.
You closely miss Natasha. Your headbutt misses Natasha.
The crimson imp puffs mist at you. Natasha barely misses you.
You closely miss Natasha. Natasha claws you.
You barely miss Natasha. Natasha claws you!
The crimson imp hits you but does no damage.
You hit Natasha.
Natasha is lightly wounded.
Natasha casts a spell at you. The magic dart hits you.
The crimson imp hits you but does no damage.
Natasha misses you. You furiously retaliate!
You headbutt Natasha! You closely miss Natasha.
Natasha is heavily wounded.
The crimson imp hits you.
Natasha zaps a wand.
The puff of flame hits you!
* * * LOW HITPOINT WARNING * * *
You barely miss Natasha. Your headbutt misses Natasha.
Natasha is heavily wounded.
The crimson imp hits you but does no damage.
Natasha stares at you and mumbles some strange words.
You feel yourself slow down.
You closely miss Natasha.
Natasha is heavily wounded.
The crimson imp hits you but does no damage.
Natasha casts a spell at you.
You feel as though you will be slow longer.
The crimson imp closely misses you.
Natasha extends her claws.
Natasha claws you but does no damage.
The crimson imp blinks!
You closely miss Natasha. Your headbutt misses Natasha.
Natasha is heavily wounded.
Natasha zaps a wand.
The puff of flame hits you!
You die...

.....# #########...
.....+ ...........
.....######........###
..##.................
..##.......?.!.....####
..##...................
#..................5#
#..............h....#
#.........#####.@...#
#..............#........
...#'#+#......$#........
#..#.# #.......#........
...#.# ...........#....
...#.# ...........#####
...........+
...........#


You could see Natasha and a crimson imp (summoned).

Vanquished Creatures
  Terence (D:2)
  Natasha (D:2)
  A dart slug (D:1)
  5 endoplasms
  A giant cockroach (D:1)
  3 goblins
  3 hobgoblins
  3 jackals (D:1)
  A kobold (D:1)
  A quokka (D:2)
  2 ball pythons
  2 bats (D:1)
  2 frilled lizards (D:1)
  3 rats (D:1)
29 creatures vanquished.

Notes
Turn   | Place    | Note
-------+----------+-------------------------------------------
     0 | D:1      | Peloso the Minotaur Fighter began the quest for the Orb.
     0 | D:1      | Reached XP level 1. HP: 19/19 MP: 0/0
   295 | D:1      | Reached XP level 2. HP: 27/27 MP: 1/1
   933 | D:2      | Reached XP level 3. HP: 33/33 MP: 2/2
   949 | D:2      | Noticed Natasha
   954 | D:2      | Killed Natasha
  1084 | D:2      | Noticed Terence
  1095 | D:2      | Killed Terence
  1096 | D:2      | Reached XP level 4. HP: 31/40 MP: 3/3
  1222 | D:2      | Noticed Natasha
  1237 | D:2      | Killed from afar by Natasha

Illustrated notes

Levels and vault maps discovered:
D:1:      mrwooster_arrival_statue_2, layout_basic
D:2:      cheibrodos_greedy_goblins, layout_basic, basic_altar, uniq_natasha,
          uniq_terence

Skill      XL: |  1  2  3 |
---------------+----------+-----
Fighting       | 4 |  4.2
Armour         | 4 |  4.6
Shields        | 4 |  4.1
Long Blades    | 3 |  3.5

Action                   |  1- 3 |  4- 6 || total
-------------------------+-------+-------++-------
Melee: Long sword        |    58 |    11 ||    69
       Headbutt          |     7 |       ||     7
  Use: Potion            |     3 |       ||     3
Armor: Scale mail        |    27 |     7 ||    34
Dodge: Dodged            |    30 |     4 ||    34
Block: Buckler           |    14 |     1 ||    15
